 Dungeon Crawl Stone Soup version 0.30-a0-586-g23e55c9e0a (webtiles) character file.

Game seed: 10107293503235364325

910 bande the Chopper (level 8, -2/48 HPs)
             Began as a Gargoyle Fighter on Jan 3, 2023.
             Slain by a two-headed ogre
             ... wielding a +0 giant spiked club
              (11 damage)
             ... on level 5 of the Dungeon on Jan 4, 2023.
             The game lasted 00:06:56 (3830 turns).

bande the Chopper (Gargoyle Fighter)                Turns: 3830, Time: 00:06:57

Health: -2/48      AC: 16    Str: 19    XL:     8   Next: 8%
Magic:  8/8        EV:  9    Int: 10    God:
Gold:   700        SH:  4    Dex: 11    Spells: 6/7 levels left

rFire   . . .      SeeInvis .    a - +0 war axe
rCold   . . .      Faith    .    c - +0 buckler
rNeg    + . .      Spirit   .    b - +0 scale mail
rPois   ∞          Reflect  .    u - +0 helmet
rElec   +          Harm     .    (no cloak)
rCorr   .          Rampage  .    r - +1 pair of gloves
Will    .....                    (no boots) Stlth
                                 (no amulet)
HPRegen 0.28/turn                q - ring of flight
MPRegen 0.11/turn                (no ring)

@: flying
A: sickness immunity, AC +5, negative energy resistance 1, electricity
resistance, torment resistance 1, petrification resistance
a: no special abilities


You were on level 5 of the Dungeon.
You visited 1 branch of the dungeon, and saw 7 of its levels.

You collected 700 gold pieces.

Inventory:

Hand Weapons
 a - a +0 war axe (weapon)
Armour
 b - a +0 scale mail (worn)
 c - a +0 buckler (worn)
 r - a +1 pair of gloves (worn)
 u - a +0 helmet (worn)
Jewellery
 q - a ring of flight (left hand)
Wands
 e - a wand of digging (8)
 v - a wand of polymorph (5)
Scrolls
 f - a scroll of teleportation
 h - 2 scrolls of fear
 m - 2 scrolls of fog
 n - a scroll of enchant armour
 p - a scroll of butterflies
 s - a scroll of poison
 w - 2 scrolls of identify
Potions
 d - a potion of might
 g - 2 potions of ambrosia {unknown}
 i - a potion of invisibility
 j - 2 potions of curing
 k - a potion of berserk rage {unknown}
 l - a potion of degeneration {unknown}
 o - a potion of lignification {unknown}
 t - 2 potions of flight {unknown}


   Skills:
 + Level 4.8 Fighting
 + Level 5.8 Axes
 + Level 4.8 Armour
 + Level 4.1 Shields
 * Level 1.5 Translocations
 * Level 2.7 Evocations


You had 6 spell levels left.
You knew the following spells:

 Your Spells              Type           Power      Damage    Failure   Level
a - Apportation           Tloc           6%         N/A       58%         1

Your spell library contained the following spells:

 Spells                   Type           Power      Damage    Failure   Level
 Beastly Appendage        Tmut           0%         N/A       80%         1
 Necrotise                Necr           0%         1d4       80%         1
 Summon Small Mammal      Summ           0%         N/A       80%         1
 Wereblood                Tmut           0%         N/A       91%         2
 Gell's Gravitas          Tloc           3%         N/A       92%         3
 Teleport Other           Tloc           3%         N/A       92%         3
 Spider Form              Tmut/Pois      0%         N/A       99%         3
 Dispersal                Tloc           1%         N/A       100%        6


Dungeon Overview and Level Annotations

Branches:
Dungeon (7/15)
 Temple: D:4-7

Altars:
Kikubaaqudgha
Ru
Sif Muna
Uskayaw

Shops:
D:4 (:


Innate Abilities, Weirdness & Mutations

You are immune to sickness and miasma.
Your stone body is resilient. (AC +5)
You are immune to poison.
You resist negative energy. (rN+)
You are resistant to electric shocks. (rElec)
You are resistant to unholy torment.
You are immune to petrification.


Message History

You hit the orc wizard but do no damage.
The orc wizard hits you but does no damage.
You have reached level 8!
You feel clever.
You slash the orc wizard!
You kill the orc wizard!
You hit the orc. The orc hits you but does no damage.
Unknown command.
The scorpion stings you but does no damage.
The orc hits you but does no damage.
A white imp comes into view.
Things that are here:
a +0 dagger; a +0 robe; an orc corpse The white imp shouts, "Crawl home, thou bawdy two-tin-hat wormtrail!"
You slash the orc!
You kill the orc!
You barely miss the two-headed ogre.
Unknown command.
You hit the two-headed ogre.
The two-headed ogre is lightly wounded.
The two-headed ogre hits you with a +0 giant spiked club!
The two-headed ogre hits you with a +0 giant club!!
You slash the two-headed ogre!
The two-headed ogre is moderately wounded.
The two-headed ogre barely misses you.
The two-headed ogre hits you but does no damage.
You hit the two-headed ogre.
The two-headed ogre is moderately wounded.
The two-headed ogre barely misses you.
The two-headed ogre hits you with a +0 giant club!
* * * LOW HITPOINT WARNING * * *
You slash the two-headed ogre!
The two-headed ogre is heavily wounded.
The two-headed ogre closely misses you. The two-headed ogre misses you.
You slash the two-headed ogre!
The two-headed ogre is almost dead.
You hit the two-headed ogre.
The two-headed ogre is almost dead.
The two-headed ogre hits you with a +0 giant spiked club!
You die...

.. .... ... ...
... ... ... ..#
##... ###.#
#.##....
#.....#.#.#.# .
#.⌠.⌠.#.....#...
...⌠.SO)).......
#@.....<..
#.........
###.###... ... .
.#.# #.... # #..
.#


You could see a two-headed ogre and an adder.

Vanquished Creatures
  A black bear (D:6)
  An ice beast (D:5)
  An ogre (D:4)
  3 scorpions (D:4)
  A howler monkey (D:6)
  A hound (D:4)
  A jelly (D:3)
  An orc priest (D:3)
  3 iguanas
  3 orc wizards
  Robin (D:4)
  7 adders
  A shadow imp (D:7)
  2 worms (D:3)
  5 dart slugs
  6 orcs
  6 bats
  10 endoplasms
  6 giant cockroaches
  13 goblins
  9 hobgoblins
  8 jackals
  2 kobolds
  8 ball pythons
  2 frilled lizards (D:1)
  5 rats
107 creatures vanquished.

Vanquished Creatures (others)
  9 fungi (D:4)
9 creatures vanquished.

Grand Total: 116 creatures vanquished

Notes
Turn   | Place    | Note
-------+----------+-------------------------------------------
     0 | D:1      | bande the Gargoyle Fighter began the quest for the Orb.
     0 | D:1      | Reached XP level 1. HP: 14/14 MP: 1/1
    24 | D:1      | Reached skill level 2 in Axes
    67 | D:1      | Reached XP level 2. HP: 19/19 MP: 2/2
   361 | D:1      | Reached XP level 3. HP: 24/24 MP: 3/3
  1293 | D:3      | Reached XP level 4. HP: 29/29 MP: 4/4
  1343 | D:3      | Reached skill level 3 in Axes
  1609 | D:3      | Found a shimmering blue altar of Sif Muna.
  1609 | D:3      | Found a hide-covered altar of Uskayaw.
  1617 | D:3      | Found a faded altar of an unknown god.
  1619 | D:3      | Found a sacrificial altar of Ru.
  1621 | D:3      | Found a faded altar of an unknown god.
  1738 | D:3      | Reached XP level 5. HP: 28/33 MP: 5/5
  2494 | D:4      | Identified a scroll of acquirement
  2494 | D:4      | Acquired 441 gold pieces
  2511 | D:4      | Reached skill level 4 in Axes
  2511 | D:4      | Reached skill level 1 in Evocations
  2578 | D:4      | Found an ancient bone altar of Kikubaaqudgha.
  2593 | D:4      | Noticed an ogre
  2601 | D:4      | HP: 1/33 [ogre/+0 giant club (16)]
  2604 | D:4      | Killed an ogre
  2605 | D:4      | Reached XP level 6. HP: 1/38 MP: 6/6
  2977 | D:4      | Reached XP level 7. HP: 28/44 MP: 7/7
  3047 | D:4      | Found Byrhif's Vocational Training.
  3262 | D:4      | Learned a level 1 spell: Apportation
  3416 | D:4      | Noticed Robin
  3435 | D:4      | Killed Robin
  3512 | D:4      | Reached skill level 5 in Axes
  3633 | D:4      | Found Wiceateisk's Weapon Shoppe.
  3667 | D:4      | You are sucked into a shaft and drop 3 floors!
  3720 | D:6      | Reached skill level 1 in Translocations
  3811 | D:5      | Entered Level 5 of the Dungeon
  3819 | D:5      | Noticed a two-headed ogre
  3822 | D:5      | Reached XP level 8. HP: 48/48 MP: 8/8
  3830 | D:5      | Slain by a two-headed ogre

Illustrated notes

Levels and vault maps discovered:
D:1:      dpeg_arrival_line_fractal, layout_rooms, wad_floor_pattern_untrapped,
          minmay_heptomino_o4
D:2:      layout_loops_ring
D:3:      layout_basic, chequers_temple_overflow_minitemple
D:4:      minmay_thinvault, layout_basic, mainiacjoe_overflow_chevrons,
          serial_shops, shop, serial_bayou_pond_d, nicolae_shop_vocational,
          uniq_robin
D:5:      layout_cave_pools, minmay_chambers_of_fives
D:6:      layout_basic, grunt_ministairs_10
D:7:      layout_basic, minmay_temple_entry_sparse_star, serial_shops,
          kennysheep_mini_moat

Skill      XL: |  1  2  3  4  5  6  7 |
---------------+----------------------+-----
Axes           | 2 3 4 5 |  5.8
Armour         | 4 |  4.8
Fighting       | 4 |  4.8
Evocations     | 1 2 |  2.7
Shields        | 4 |  4.1
Translocations | 1 |  1.5

Action                   |  1- 3 |  4- 6 |  7- 9 || total
-------------------------+-------+-------+-------++-------
Melee: War axe           |    96 |   141 |   119 ||   356
  Use: Scroll            |       |    11 |     1 ||    12
Armor: Scale mail        |    53 |    92 |    73 ||   218
Dodge: Dodged            |    67 |    63 |    59 ||   189
Block: Buckler           |    14 |    31 |    20 ||    65

Table legend: (Time is in decaauts)
 A = Elapsed time spent in this place.
 B = Non-inter-level travel time spent in this place.
 C = Inter-level travel time spent in this place.
 D = Time resting spent in this place.
 E = Time spent auto-exploring this place.
 F = Levels seen in this place.
 G = Mean time per level.
                   A        B        C        D        E       F      G
               +--------+--------+--------+--------+--------+-----+--------+
         Total |   3955 |   3893 |     62 |    640 |   2334 |   7 |  565.0 |
       Dungeon |   3955 |   3893 |     62 |    640 |   2334 |   7 |  565.0 |
               +--------+--------+--------+--------+--------+-----+--------+

Top non-repeatable levels by time:
     D:4: 1230 daAuts
     D:3: 1225 daAuts
     D:2: 753 daAuts
     D:1: 572 daAuts
     D:6: 105 daAuts
     D:7: 44 daAuts
     D:5: 22 daAuts
